 Dungeon Crawl Stone Soup version 0.21-a0-274-gc1afaeb (webtiles) character file.

111 Azure the Sneak (level 4, -7/34 HPs)
             Began as a Vampire Assassin on Sept 18, 2017.
             Mangled by Azure's ghost (11 damage)
             ... on level 3 of the Dungeon.
             The game lasted 00:05:42 (4414 turns).

Azure the Sneak (Vampire Assassin)                  Turns: 4414, Time: 00:05:42

Health: -7/34      AC:  4    Str:  9 (10) XL:     4   Next: 62%
Magic:  4/4        EV: 12    Int: 17 (18) God:
Gold:   143        SH:  0    Dex: 13 (16) Spells: 3/3 levels left

rFire    . . .     SeeInvis +   o - +5 dagger
rCold    + . .     Gourm    .   (no shield)
rNeg     + + .     Faith    +   c - +0 robe
rPois    +         Spirit   .   (no helmet)
rElec    .         Reflect  .   d - +1 cloak
rCorr    .         Harm     .   (no gloves)
MR       .....     Rnd*Tele +   (no boots)
Stlth    ++++......             i - amulet of faith
HPRegen  0.05/turn              n - ring of teleportation (curse)
MPRegen  0.09/turn              (no ring)

@: brilliant, regenerating slowly
A: fangs 3, see invisible, unbreathing
a: Bat Form


You were on level 3 of the Dungeon.
You were near bloodless.

You visited 1 branch of the dungeon, and saw 3 of its levels.

You collected 143 gold pieces.

Inventory:

Hand Weapons
 b - a +0 blowgun
 o - a +5 dagger (weapon)
Missiles
 e - 8 poisoned needles
 f - 2 curare-tipped needles
Armour
 c - a +0 robe (worn)
 d - a +1 cloak (worn)
Jewellery
 i - an amulet of faith (around neck)
 n - a cursed ring of teleportation (left hand)
Scrolls
 h - 3 scrolls of teleportation
Potions
 g - 17 potions of blood
 k - 2 potions of cancellation


   Skills:
 + Level 2.5 Fighting
 * Level 3.4 Short Blades
 - Level 1.5 Throwing
 + Level 2.2 Dodging
 * Level 7.0 Stealth


You had 3 spell levels left.
You didn't know any spells.

Dungeon Overview and Level Annotations

Branches:
Dungeon (3/15)

Altars:
Qazlal

Annotations:
D:3 Azure's ghost, amateur HOFi


Innate Abilities, Weirdness & Mutations

You heal slowly.
You have razor-sharp teeth.
You have supernaturally acute eyesight. (SInv)
You can survive without breathing.


Message History

Azure's ghost is moderately damaged.
You hit Azure's ghost but do no damage.
Azure's ghost is moderately damaged.
Azure's ghost hits you!
* * * LOW HITPOINT WARNING * * *
You hit Azure's ghost.
Azure's ghost is moderately damaged.
Azure's ghost misses you.
You hit Azure's ghost but do no damage.
Azure's ghost is moderately damaged.
Azure's ghost hits you but does no damage.
You barely miss Azure's ghost.
Azure's ghost is moderately damaged.
Azure's ghost screams, "They lied to you.
The Dungeon just goes down and down forever."
Azure's ghost hits you.
* * * LOW HITPOINT WARNING * * *
You hit Azure's ghost but do no damage. Your bite misses Azure's ghost.
Azure's ghost is moderately damaged.
Azure's ghost hits you!
You die...

#....##...........
#.#####..............
.............#......#
.............#......###.
.............#..........
.............#...[......
.............#......?...
.............#..W.......
.............#..@...###'
.............#......'...
........#....#......###.
........#....#......#
###.....#....#......#
........#....#......# #
........#....#......#.#.#.#
.............####..%#...#.#
.......#....#####.....#.#.#####


You could see Azure's ghost.

Vanquished Creatures
  2 adders (D:2)
  An ooze (D:2)
  A worm (D:2)
  3 dart slugs
  4 leopard geckos
  An orc (D:3)
  A ball python (D:1)
  11 bats
  5 giant cockroaches
  11 goblins
  10 hobgoblins
  A quokka (D:2)
  A frilled lizard (D:1)
  7 kobolds
  10 rats
69 creatures vanquished.

Notes
Turn   | Place    | Note
-------+----------+-------------------------------------------
     0 | D:1      | Azure the Vampire Assassin began the quest for the Orb.
     0 | D:1      | Reached XP level 1. HP: 16/16 MP: 1/1
  1966 | D:1      | Reached skill level 6 in Stealth
  2019 | D:1      | Reached XP level 2. HP: 19/22 MP: 2/2
  2248 | D:1      | Reached XP level 3. HP: 27/27 MP: 3/3
  2701 | D:2      | Found a stormy altar of Qazlal.
  3257 | D:2      | Reached XP level 4. HP: 6/33 MP: 4/4
  3924 | D:3      | Reached skill level 7 in Stealth
  4398 | D:3      | Noticed Azure's ghost (amateur HOFi)
  4414 | D:3      | Mangled by Azure's ghost

Vault maps used:
D:1:      dpeg_arrival_castle
D:2:      nicolae_overflow_crystal_walls
D:3:      first_bread, grunt_ministairs_4

Skill      XL: |  1  2  3  4 |
---------------+-------------+-----
Stealth        | 6 7 |  7.0
Fighting       | 2 |  2.5
Short Blades   | 3 |  3.4
Dodging        | 2 |  2.2
Throwing       | |  1.5

Action                   |  1- 3 |  4- 6 || total
-------------------------+-------+-------++-------
Melee: Dagger            |   123 |    62 ||   185
       Bite              |     9 |     5 ||    14
  Use: Potion            |     1 |     5 ||     6
       Scroll            |       |     4 ||     4
 Stab: Sleeping          |    19 |    11 ||    30
       Distracted        |     1 |       ||     1
Armor: Robe              |    30 |     8 ||    38
Dodge: Dodged            |    83 |    19 ||   102

Table legend:
 A = Spawn XP
 B = Non-spawn XP
 C = Spawn XP percentage of total XP
 D = Spawn monster count
 E = Non-spawn monster count
 F = Spawn count percentage of total count
 G = Total turns spent on level
                    A         B        C        D         E        F      G
               +---------+---------+-------+---------+---------+-------+---------
         Total |       0 |     159 |   0.0 |       0 |      69 |   0.0 |  4414
               +---------+---------+-------+---------+---------+-------+---------
           D:1 |       0 |      50 |   0.0 |       0 |      27 |   0.0 |  2633
           D:2 |       0 |      91 |   0.0 |       0 |      32 |   0.0 |  1263
           D:3 |       0 |      18 |   0.0 |       0 |      10 |   0.0 |   518
               +---------+---------+-------+---------+---------+-------+---------
